 Dungeon Crawl Stone Soup version 0.27-a0-1291-geefcff550b (webtiles) character file.

Game seed: 9147320246917317742

18576 Tumalu the Slicer (level 12, -8/60 HPs)
             Began as a Vine Stalker Fighter on June 15, 2021.
             Was an Elder of Uskayaw.
             Killed by divine providence
             ... invoked by an orc priest
              (11 damage)
             ... on level 1 of the Orcish Mines.
             The game lasted 00:35:54 (10097 turns).

Tumalu the Slicer (Vine Stalker Fighter)           Turns: 10097, Time: 00:35:54

Health: -8/60      AC: 27    Str: 24    XL:     12   Next: 60%
Magic:  0/17       EV: 15    Int: 12    God:    Uskayaw [****..]
Gold:   368        SH:  7    Dex: 18    Spells: 15/15 levels left

rFire    + . .     SeeInvis .   T - +5 short sword
rCold    . . .     Faith    .   Q - +2 buckler
rNeg     . . .     Spirit   +   X - +7 scale mail of Cishrurofi {rCorr Str+4 Int+4}
rPois    .         Reflect  .   h - +0 helmet
rElec    .         Harm     .   V - +2 cloak
rCorr    +         Rampage  .   y - +0 pair of gloves
Will     +....                  m - +2 pair of boots
Stlth    ++........             r - amulet of regeneration
HPRegen  2.20/turn              A - +4 ring of protection
MPRegen  0.15/turn              U - ring of protection from fire

@: no status effects
A: fangs 3, regeneration 1, magic shield, antimagic bite, no potion heal 2
a: Renounce Religion, Stomp, Line Pass


You were on level 1 of the Orcish Mines.
You worshipped Uskayaw.
Uskayaw was noncommittal.
You visited 3 branches of the dungeon, and saw 13 of its levels.
You also visited: Sewer.

You collected 759 gold pieces.
You spent 391 gold pieces at shops.

Inventory:

Hand Weapons
 T - a +5 short sword (weapon)
Missiles
 g - a throwing net (quivered)
 F - 4 curare-tipped darts
 S - 5 boomerangs
Armour
 c - a +0 kite shield
 h - a +0 helmet (worn)
 m - a +2 pair of boots (worn)
 y - a +0 pair of gloves (worn)
 N - +0 swamp dragon scales
 P - a +2 leather armour of fire resistance
 Q - a +2 buckler (worn)
 V - a +2 cloak (worn)
 X - the +7 scale mail of Cishrurofi (worn) {rCorr Str+4 Int+4}
   (You found it on level 10 of the Dungeon)

   It affects your strength (+4).
   It affects your intelligence (+4).
   It protects you from acid and corrosion.
Jewellery
 a - a ring of wizardry
 r - an amulet of regeneration (around neck)
 A - a +4 ring of protection (left hand)
 U - a ring of protection from fire (right hand)
Wands
 b - a wand of digging (4)
 l - a wand of flame (17)
 n - a wand of iceblast (27)
 p - a wand of polymorph (12)
 s - a wand of mindburst (16)
Scrolls
 e - 2 scrolls of fog
 f - 7 scrolls of identify
 i - a scroll of silence {unknown}
 k - a scroll of enchant weapon {unknown}
 o - 4 scrolls of enchant armour {unknown}
 q - 2 scrolls of blinking {unknown}
 u - 2 scrolls of teleportation {unknown}
 x - a scroll of torment {unknown}
 B - a scroll of vulnerability {unknown}
 C - 2 scrolls of amnesia {unknown}
 D - 4 scrolls of magic mapping {unknown}
 E - 2 scrolls of holy word {unknown}
 H - 2 scrolls of immolation {unknown}
 O - 4 scrolls of acquirement {unknown}
Potions
 d - a potion of might
 j - a potion of lignification {unknown}
 t - a potion of degeneration {unknown}
 v - 3 potions of brilliance
 w - 2 potions of resistance {unknown}
 z - a potion of haste {unknown}
 I - a potion of cancellation {unknown}
 J - 3 potions of curing
 L - 2 potions of magic {unknown}
 M - a potion of attraction {unknown}
Miscellaneous
 R - a lightning rod (4/4)


   Skills:
 + Level 5.4 Fighting
 - Level 12.0 Short Blades
 - Level 6.0 Armour
 + Level 8.9 Dodging
 + Level 4.2 Stealth
 - Level 4.0 Shields
 - Level 2.0 Spellcasting
 + Level 6.4 Invocations


You had 15 spell levels left.
You didn't know any spells.
Your spell library contained the following spells:

 Spells                   Type           Power      Damage    Failure   Level
 Animate Skeleton         Necr           2%         N/A       52%         1
 Beastly Appendage        Tmut           2%         N/A       52%         1
 Magic Dart               Conj           4%         1d3       52%         1
 Pain                     Necr           4%         1d4       52%         1
 Searing Ray              Conj           2%         3d3       67%         2
 Wereblood                Tmut           1%         N/A       67%         2
 Dazzling Flash           Conj/Hex       2%         N/A       88%         3
 Spider Form              Tmut/Pois      0%         N/A       88%         3
 Vampiric Draining        Necr           0%         2d6       88%         3
 Animate Dead             Necr           0%         N/A       99%         4
 Fulminant Prism          Conj/Hex       0%         3d6       99%         4
 Ice Form                 Ice/Tmut       1%         N/A       99%         4
 Iskenderun's Mystic Bla  Conj/Tloc      1%         2d3       99%         4
 Agony                    Necr           1%         N/A       100%        5
 Bolt of Magma            Conj/Fire/Erth 0%         4d4       100%        5
 Iskenderun's Battlesphe  Conj           1%         2d6       100%        5
 Iron Shot                Conj/Erth      0%         9d1       100%        6
 Orb of Destruction       Conj           0%         N/A       100%        7
 Spellforged Servitor     Conj/Summ      0%         N/A       100%        7


Dungeon Overview and Level Annotations

Branches:
Dungeon (11/15)            Temple (1/1) D:4            Lair (0/6) D:11
    Orc (1/2) D:11          Sewer (visited)

Altars:
Ashenzari
Cheibriados
Dithmenos
Elyvilon
Fedhas
Gozag
Hepliaklqana
Kikubaaqudgha
Makhleb
Nemelex Xobeh
Okawaru
Qazlal
Ru
Sif Muna
Trog
Uskayaw
Vehumet
Wu Jian
Xom
Yredelemnul
Zin
The Shining One
Beogh

Shops:
D:9 [=

Portals:
Bazaar: D:11


Innate Abilities, Weirdness & Mutations

You have razor-sharp teeth.
Your natural rate of healing is unusually fast.
When hurt, damage is shared between your health and your magic reserves.
Your bite disrupts and absorbs the magic of your enemies.
Potions cannot restore your health.


Message History

The orc warrior hits you but does no damage. x2
The orc priest hits you with a +0 hand axe.
Unknown command.
You barely miss the two-headed ogre. Your bite misses the two-headed ogre.
The two-headed ogre is heavily wounded.
The two-headed ogre misses you.
The two-headed ogre hits you with a +0 giant club.
You puncture the two-headed ogre!
The two-headed ogre is severely wounded.
The orc warrior misses you.
The orc warrior hits you from afar with a +0 glaive.
The orc priest invokes the aid of Beogh against you.
Beogh smites you!
You puncture the two-headed ogre! You bite the two-headed ogre.
You drain its power.
You feel invigorated.
The two-headed ogre is almost dead.
The two-headed ogre hits you with a +0 giant club!!
* * * LOW HITPOINT WARNING * * *
The two-headed ogre hits you but does no damage.
You can now merge with and destroy a victim.
You stomp with the beat, sending a shockwave through the revellers around you!
You kill the two-headed ogre!
The orc priest is heavily wounded.
You can no longer merge with and destroy a victim.
The orc warrior barely misses you.
The orc warrior hits you from afar with a +0 glaive!
* * * LOW HITPOINT WARNING * * *
The orc priest misses you.
Your Stealth skill increases to level 4!
The orc warrior hits you from afar with a +0 glaive.
* * * LOW HITPOINT WARNING * * *
Things that are here:
a +0 dagger; a +0 robe; an orc corpse The orc priest looks satisfied for a moment.
The orc priest calls down the wrath of Beogh upon you.
Beogh smites you!
* * * LOW HITPOINT WARNING * * *
The orc priest invokes the aid of Beogh against you.
Beogh smites you!
You die...

##### ##.#.### ......
#####......## ...... ###
##.##........#### ......
##$###.......#.#..#.#.
..>...###...###...............
........#...o####.#...........
.......o.#o..@#.......)#####..
.....).o#oT..#........8#...#..
#...)))...###......).#)..#..
...#..[o)....###.....[.')_.#..
....#..)..#.## ##......#)..#..
.....#$.)).## ##..))8#...#..
..........## ##.).)#####..
........##. ###.#)))....
......... .. ##...).†.)


You could see a troll, 2 orc warriors, an orc priest and an orc.

Vanquished Creatures
  A boulder beetle (D:10)
  A hydra (D:11)
  5 two-headed ogres
  An obsidian statue (D:11)
  Maggie (D:7)
  An unseen horror (D:11)
  A kobold demonologist (D:6)
  A hornet (D:9)
  5 trolls
  3 shadows
  12 yaks
  A wraith (D:10)
  A wyvern (D:9)
  4 steam dragons
  6 vampire mosquitoes
  3 acid dragons
  3 wargs (Orc:1)
  4 water moccasins
  An ice beast (D:7)
  3 black bears
  7 orc warriors
  A sky beast (D:6)
  8 ogres
  5 centaurs
  A phantom (D:5)
  6 kobold brigands
  A gnoll sergeant (D:6)
  A wyvern zombie (D:8)
  6 bullfrogs
  4 scorpions
  A water moccasin skeleton (D:5)
  11 wights
  11 howler monkeys
  4 centaur zombies
  12 hounds
  2 jellies (D:8)
  A bullfrog skeleton (D:6)
  19 orc priests
  4 gnoll shamans (D:6)
  3 iguanas
  A scorpion zombie (D:4)
  20 orc wizards
  A killer bee zombie (D:7)
  2 hound skeletons (D:4)
  A hound zombie (D:5)
  Robin (D:1)
  3 gnolls (D:6)
  7 adders
  A river rat (D:3)
  A shadow imp (D:5)
  A white imp (D:7)
  An ufetubus (D:6)
  6 worms
  2 dart slugs
  39 orcs
  6 bats
  16 endoplasms
  18 giant cockroaches
  18 goblins
  5 hobgoblins
  13 jackals
  21 kobolds
  15 quokkas
  12 ball pythons
  15 frilled lizards
  5 rats
397 creatures vanquished.

Vanquished Creatures (others)
  26 fungi (D:11)
  26 plants (D:11)
52 creatures vanquished.

Grand Total: 449 creatures vanquished

Notes
Turn   | Place    | Note
-------+----------+-------------------------------------------
     0 | D:1      | Tumalu the Vine Stalker Fighter began the quest for the
                  | Orb.
     0 | D:1      | Reached XP level 1. HP: 11/11 MP: 2/2
    26 | D:1      | Reached skill level 2 in Short Blades
   160 | D:1      | Reached XP level 2. HP: 8/16 MP: 3/3
   383 | D:1      | Reached skill level 3 in Short Blades
   471 | D:1      | Reached XP level 3. HP: 15/19 MP: 2/4
  1015 | D:2      | Identified the +1 helmet "Ziybump" {rN+ Int+4}
  1015 | D:2      | Noticed Robin
  1326 | D:1      | Killed Robin
  1327 | D:1      | Gained mutation: Your natural rate of healing is unusually
                  | fast. [Vine Stalker growth]
  1327 | D:1      | Reached XP level 4. HP: 13/23 MP: 5/5
  1388 | D:2      | Reached skill level 1 in Dodging
  1750 | D:2      | Reached skill level 4 in Short Blades
  2226 | D:3      | Reached XP level 5. HP: 27/27 MP: 4/6
  2281 | D:3      | Found a glowing drain.
  2291 | Sewer    | Entered a sewer
  2680 | Sewer    | Reached skill level 5 in Short Blades
  2680 | Sewer    | Reached XP level 6. HP: 30/32 MP: 5/7
  3332 | D:4      | Reached skill level 6 in Short Blades
  3332 | D:4      | Reached XP level 7. HP: 34/35 MP: 4/8
  3393 | D:4      | Found a staircase to the Ecumenical Temple.
  3406 | Temple   | Entered the Ecumenical Temple
  3477 | Temple   | Became a worshipper of Uskayaw the Reveller
  3505 | D:4      | Reached * piety under Uskayaw
  3721 | D:4      | Reached ** piety under Uskayaw
  3848 | D:4      | Reached skill level 7 in Short Blades
  4195 | D:5      | Entered Level 5 of the Dungeon
  4209 | D:5      | Reached *** piety under Uskayaw
  4407 | D:5      | Reached skill level 8 in Short Blades
  4407 | D:5      | Gained mutation: You have razor-sharp teeth. [Vine Stalker
                  | growth]
  4407 | D:5      | Reached XP level 8. HP: 24/39 MP: 6/9
  4543 | D:5      | Found a glowing golden altar of the Shining One.
  4878 | D:6      | Reached skill level 9 in Short Blades
  5057 | D:6      | Reached skill level 1 in Stealth
  5281 | D:6      | Reached XP level 9. HP: 43/43 MP: 10/10
  5285 | D:6      | Reached **** piety under Uskayaw
  5300 | D:6      | Reached skill level 1 in Invocations
  5305 | D:6      | Reached skill level 1 in Spellcasting
  5306 | D:6      | Reached ***** piety under Uskayaw
  5316 | D:6      | Reached ****** piety under Uskayaw
  5459 | D:6      | Reached skill level 10 in Short Blades
  5752 | D:6      | Reached XP level 10. HP: 46/49 MP: 14/14
  5782 | D:6      | Noticed a kobold demonologist
  5835 | D:6      | Killed a kobold demonologist
  6438 | D:7      | Noticed Maggie
  6460 | D:7      | Killed Maggie
  6461 | D:7      | Reached skill level 5 in Fighting
  6711 | D:7      | Reached skill level 5 in Invocations
  7223 | D:8      | Reached skill level 11 in Short Blades
  7803 | D:9      | Found Qiann's Jewellery Shoppe.
  7819 | D:9      | Found an ancient bone altar of Kikubaaqudgha.
  7828 | D:9      | Found a white marble altar of Elyvilon.
  7828 | D:9      | Found a blossoming altar of Fedhas.
  7918 | D:9      | Found a hazy altar of Hepliaklqana.
  7922 | D:9      | Found an ornate altar of the Wu Jian Council.
  7922 | D:9      | Found a sparkling altar of Nemelex Xobeh.
  7922 | D:9      | Noticed a two-headed ogre
  7929 | D:9      | Reached XP level 11. HP: 55/55 MP: 16/16
  7933 | D:9      | Killed a two-headed ogre
  7941 | D:9      | Found a burning altar of Makhleb.
  7979 | D:9      | Reached skill level 12 in Short Blades
  8011 | D:9      | Reached skill level 5 in Dodging
  8165 | D:9      | Found Tamyssuc's Antique Armour Boutique.
  8337 | D:9      | Bought a glowing cloak for 202 gold pieces
  8337 | D:9      | Bought a faintly glowing leather armour for 189 gold pieces
  8337 | D:9      | Identified the +0 leather armour "Tiriygott" {-Tele rElec
                  | rC++ SInv} (You bought it in a shop on level 9 of the
                  | Dungeon)
  8493 | D:10     | Entered Level 10 of the Dungeon
  8626 | D:10     | Identified the +0 chain mail of Shadows and Fog {rPois rF-
                  | rN+++ Str+3}
  8674 | D:10     | Identified the +7 scale mail of Cishrurofi {rCorr Str+4
                  | Int+4}
  8933 | D:10     | Noticed a boulder beetle
  8958 | D:10     | Killed a boulder beetle
  9219 | D:11     | Found a staircase to the Lair.
  9315 | D:11     | Noticed an eight-headed hydra
  9325 | D:11     | Killed an eight-headed hydra
  9326 | D:11     | Reached skill level 5 in Armour
  9366 | D:11     | Noticed a two-headed ogre
  9377 | D:11     | Killed a two-headed ogre
  9378 | D:11     | Reached XP level 12. HP: 60/60 MP: 17/17
  9461 | D:11     | Found a staircase to the Orcish Mines.
  9552 | D:11     | Found a gateway to a bazaar.
  9556 | D:11     | Noticed a soul eater
  9636 | D:11     | Noticed a two-headed ogre
  9647 | D:11     | Killed a two-headed ogre
  9826 | Orc:1    | Entered Level 1 of the Orcish Mines
  9827 | Orc:1    | Noticed a two-headed ogre
  9841 | Orc:1    | Killed a two-headed ogre
 10072 | Orc:1    | Noticed a two-headed ogre
 10091 | Orc:1    | Killed a two-headed ogre
 10096 | Orc:1    | HP: 1/60 [orc priest/divine providence (13)]
 10097 | Orc:1    | Killed from afar by an orc priest

Illustrated notes

Levels and vault maps discovered:
D:1:      tarquinn_simple_flora_water_d, layout_rooms
D:2:      layout_rooms, minmay_tromino_i4, uniq_robin
D:3:      layout_basic, gup_sewer_entry_bubbles
D:4:      minmay_skewed_foursquare, layout_loops_ring, minmay_temple_entry_trees
D:5:      layout_gridville, tso_altar, minmay_statues_item, dk_noncrumbling_2,
          kennysheep_generic_room_16
D:6:      lemuel_castle_with_subvaults [lemuel_castle_interior_carwin_1],
          layout_basic
D:7:      layout_gridville, uniq_maggie
D:8:      layout_rooms, roderic_lattice_a, minivault_19
D:9:      layout_roguey, grunt_temple_overflow_open,
          gammafunk_temple_overflow_forgotten, serial_shops, shop, shop
D:10:     layout_irregular_city
D:11:     layout_rooms, due_lair_maze_entry_diamond, orc_0_dummy, serial_shops,
          statue_bzr, hex_large, kennysheep_generic_room_12
Temple:   eino_temple_water
Orc:1:    nicolae_orc_accident_2, layout_caves, basic_altar, minmay_orc_temple_a

Skill      XL: |  1  2  3  4  5  6  7  8  9 10 11 12 |
---------------+-------------------------------------+-----
Short Blades   | 2 3 4 5 6 8 9 10 11 12 | 12.0
Dodging        | 1 3 4 7 8 |  8.9
Stealth        | 1 3 4 |  4.2
Invocations    | 3 6 |  6.4
Spellcasting   | 2 |  2.0
Fighting       | 4 5 |  5.4
Shields        | 4 |  4.0
Armour         | 3 5 6 |  6.0

Action                   |  1- 3 |  4- 6 |  7- 9 | 10-12 || total
-------------------------+-------+-------+-------+-------++-------
Melee: Rapier            |   105 |   381 |   370 |   281 ||  1137
       Bite              |    23 |    79 |   128 |   281 ||   511
       Short sword       |       |       |       |   390 ||   390
Invok: Line Pass         |       |       |     1 |       ||     1
       Stomp             |       |       |     4 |    12 ||    16
  Use: Potion            |       |     2 |     1 |       ||     3
       Scroll            |       |     1 |       |       ||     1
 Stab: Paralysed         |       |       |    10 |    39 ||    49
       Distracted        |       |       |     1 |       ||     1
       Sleeping          |       |       |       |     6 ||     6
Armor: Scale mail        |    60 |   209 |   136 |   112 ||   517
       Troll leather arm |       |       |       |    77 ||    77
Dodge: Dodged            |    25 |   139 |    88 |   246 ||   498
Block: Kite shield       |    62 |   208 |   112 |       ||   382
       Buckler           |       |       |     7 |   144 ||   151

Table legend: (Time is in decaauts)
 A = Elapsed time spent in this place.
 B = Non-inter-level travel time spent in this place.
 C = Inter-level travel time spent in this place.
 D = Time resting spent in this place.
 E = Time spent auto-exploring this place.
 F = Levels seen in this place.
 G = Mean time per level.
                   A        B        C        D        E       F      G
               +--------+--------+--------+--------+--------+-----+--------+
         Total |  10014 |   9484 |    530 |    320 |   6389 |  14 |  715.3 |
       Dungeon |   9157 |   8640 |    517 |    320 |   5990 |  11 |  832.5 |
        Temple |     85 |     72 |     13 |      0 |     48 |   1 |   85.0 |
  Orcish Mines |    227 |    227 |      0 |      0 |    140 |   1 |  227.0 |
         Sewer |    543 |    543 |      0 |      0 |    211 |   1 |  543.0 |
               +--------+--------+--------+--------+--------+-----+--------+

Top non-repeatable levels by time:
     D:1: 1356 daAuts
     D:6: 1332 daAuts
     D:3: 1012 daAuts
     D:7: 885 daAuts
     D:4: 863 daAuts
     D:5: 680 daAuts
     D:9: 671 daAuts
    D:10: 659 daAuts
     D:8: 571 daAuts
    D:11: 568 daAuts
     D:2: 555 daAuts
   Sewer: 543 daAuts
   Orc:1: 227 daAuts
  Temple: 85 daAuts
